Selects Australian Defense Battlegroup
Selects Australian Light Infantry Section
Australian Light Infantry Section
Australian Light Infantry Section
Construct Section Command Post
Construct Platoon Command Post
Unlock M3 Stuart Light Tanks
Selects CMP 15cwt Supply Run
Australian Light Infantry Section
Selects Artillery Trip Wire Flares
Selects Archer Tank Destroyer
Unlock Bishop Self-propelled Artillery
Bishop Self-propelled Artillery
Selects 2-pounder Anti-tank Gun Team
Selects Vehicle Over Repair
Australian Light Infantry Section
Australian Light Infantry Section